 Dungeon Crawl Stone Soup version 0.29-a0-911-g88e6f02907 (webtiles) character file.

Game seed: 10034605564375843307

199 Alarak the Grave Robber (level 5, -3/28 HPs)
             Began as a Deep Elf Necromancer on July 26, 2022.
             Slain by an ufetubus (4 damage)
             ... on level 4 of the Dungeon.
             The game lasted 00:15:56 (3546 turns).

Alarak the Grave Robber (Deep Elf Necromancer)      Turns: 3546, Time: 00:15:56

Health: -3/28      AC:  2    Str:  5    XL:     5   Next: 48%
Magic:  1/15       EV: 12    Int: 22    God:
Gold:   116        SH:  0    Dex: 15    Spells: 8/16 levels left

rFire   . . .      SeeInvis .   l - +2 dagger (speed)
rCold   . . .      Faith    .   (no shield)
rNeg    . . .      Spirit   .   a - +0 robe
rPois   .          Reflect  .   (no helmet)
rElec   .          Harm     .   (no cloak)
rCorr   .          Rampage  .   (no gloves)
Will    .....                   (no boots)
Stlth   ++........              (no amulet)
HPRegen 0.09/turn               (no ring)
MPRegen 0.14/turn               (no ring)

@: animating dead
A: no striking features
a: no special abilities


You were on level 4 of the Dungeon.
You visited 1 branch of the dungeon, and saw 4 of its levels.

You collected 116 gold pieces.

Inventory:

Hand Weapons
 h - a +0 dagger
 l - a +2 dagger of speed (weapon)
Armour
 a - a +0 robe (worn)
Scrolls
 c - 3 scrolls of teleportation
 g - a scroll of fear
 i - 2 scrolls of enchant weapon
 j - a scroll of identify {unknown}
 k - a scroll of amnesia {unknown}
 o - a scroll of vulnerability {unknown}
Potions
 b - a potion of magic
 d - a potion of degeneration {unknown}
 e - a potion of ambrosia {unknown}
 f - 2 potions of might {unknown}
 m - 2 potions of brilliance {unknown}
 n - 2 potions of curing {unknown}


   Skills:
 - Level 2.4 Dodging
 - Level 2.4 Stealth
 - Level 6.0 Spellcasting
 + Level 6.6 Necromancy


You had 8 spell levels left.
You knew the following spells:

 Your Spells              Type           Power      Damage    Failure   Level
a - Necrotise             Necr           100%       1d9       1%          1
b - Vampiric Draining     Necr           35%        2d8       1%          3
c - Animate Dead          Necr           35%        N/A       6%          4

Your spell library contained the following spells:

 Spells                   Type           Power      Damage    Failure   Level
 Apportation              Tloc           12%        N/A       9%          1
 Agony                    Necr           35%        N/A       17%         5
 Alistair's Intoxication  Tmut/Pois      4%         N/A       94%         5


Dungeon Overview and Level Annotations

Branches:
Dungeon (4/15)
 Temple: D:4-7

Altars:

Shops:
D:1 :   D:2 :


Message History

Confirm with . or Enter, or press ? or * to list all spells.
Aiming: Vampiric Draining (safe; 1% risk of failure)
Press: ? - help, Shift-Dir - straight line, f/p - gnoll
Aim: a gnoll, wielding a +0 spear (heavily wounded)
You draw life force from the gnoll!
You kill the gnoll!
You feel life coursing into your body.
The dead are walking!
The ufetubus misses you. The ufetubus hits you.
The gnoll hits you with a +0 whip. x2
Casting: Vampiric Draining (safe; 1% risk of failure)
Confirm with . or Enter, or press ? or * to list all spells.
Aiming: Vampiric Draining (safe; 1% risk of failure)
Press: ? - help, Shift-Dir - straight line, f - gnoll
Aim: a gnoll, wielding a +0 whip and quivering 2 throwing nets You draw life force from the gnoll!
You kill the gnoll!
You feel life coursing into your body.
The dead are walking!
The ufetubus barely misses you. The ufetubus hits you.
The gnoll hits you with a +0 whip. The gnoll barely misses you.
Casting: Vampiric Draining (safe; 1% risk of failure)
Confirm with . or Enter, or press ? or * to list all spells.
You don't have enough magic to cast this spell.
Casting: Vampiric Draining (safe; 1% risk of failure)
Confirm with . or Enter, or press ? or * to list all spells.
Okay, then.
The gnoll writhes in agony.
The ufetubus hits you. The ufetubus barely misses you.
The gnoll hits you with a +0 whip. The ufetubus barely misses you.
The ufetubus hits you.
* * * LOW HITPOINT WARNING * * *
The gnoll hits you with a +0 club.
* * * LOW HITPOINT WARNING * * *
The gnoll attacks as you move away! The gnoll closely misses you.
The hobgoblin shouts!
Your gnoll zombie hits the gnoll but does no damage.
The ufetubus closely misses you. The ufetubus hits you.
* * * LOW HITPOINT WARNING * * *
Your gnoll zombie hits the gnoll.
The gnoll attacks as you move away! The gnoll closely misses you.
Your gnoll zombie hits the gnoll. x2; The ufetubus hits you.
You die...

..##....$..#...
..#............
..............
#.......<...# .
##...ZZ.....#
..#...)g)......
.......g.?.....
.......5.......
.......@.......
...............
...............
##.............
#.............#
.g..........###
............#
............#


You could see 2 gnolls, an ufetubus, a hobgoblin and 2 friendly gnoll zombies.

Vanquished Creatures
  A jelly (D:3)
  Jessica (D:2)
  2 gnolls (D:4)
  4 adders (D:2)
  4 dart slugs
  2 orcs (D:3)
  4 bats
  8 endoplasms
  4 giant cockroaches
  5 goblins
  9 hobgoblins
  3 jackals (D:1)
  4 kobolds
  2 quokkas
  6 ball pythons
  A frilled lizard (D:1)
  4 rats
64 creatures vanquished.

Vanquished Creatures (collateral kills)
  A dart slug (D:1)
  A ball python (D:2)
  2 endoplasms
  A jackal (D:1)
5 creatures vanquished.

Vanquished Creatures (others)
  A giant cockroach zombie (D:3)
1 creature vanquished.

Grand Total: 70 creatures vanquished

Notes
Turn   | Place    | Note
-------+----------+-------------------------------------------
     0 | D:1      | Alarak the Deep Elf Necromancer began the quest for the
                  | Orb.
     0 | D:1      | Reached XP level 1. HP: 10/10 MP: 6/6
    80 | D:1      | Reached skill level 5 in Necromancy
    94 | D:1      | Reached XP level 2. HP: 15/15 MP: 0/8
   460 | D:1      | Reached XP level 3. HP: 19/19 MP: 8/10
   464 | D:1      | Learned a level 3 spell: Vampiric Draining
   542 | D:1      | Found Maitsoe's Book Boutique.
  1293 | D:2      | Reached skill level 5 in Spellcasting
  1293 | D:2      | Reached XP level 4. HP: 24/24 MP: 10/13
  1298 | D:2      | Learned a level 4 spell: Animate Dead
  1614 | D:2      | Noticed Jessica
  1620 | D:2      | Killed Jessica
  2186 | D:2      | Found Soajomam's Book Emporium.
  2363 | D:3      | Reached XP level 5. HP: 24/28 MP: 12/15
  3545 | D:4      | HP: 1/28 [ufetubus (2)]
  3546 | D:4      | Slain by an ufetubus

Illustrated notes

Levels and vault maps discovered:
D:1:      wander_arrival_desolate, layout_rooms, serial_shops,
          nicolae_shop_behind_doors
D:2:      layout_loops_corners, serial_shops, nicolae_shop_behind_doors,
          uniq_jessica
D:3:      layout_basic, nicolae_underground_beach
D:4:      layout_cave_pools, gammafunk_ghost_cemetery, minivault_19,
          dreamdust_gnoll_farm

Skill      XL: |  1  2  3  4  5 |
---------------+----------------+-----
Necromancy     | 5 6 |  6.6
Spellcasting   | 5 6 |  6.0
Dodging        | |  2.4
Stealth        | |  2.4

Action                   |  1- 3 |  4- 6 || total
-------------------------+-------+-------++-------
Melee: Unarmed           |    10 |       ||    10
       Dagger            |     7 |    24 ||    31
 Cast: Necrotise         |    50 |    35 ||    85
       Vampiric Draining |     4 |    13 ||    17
       Animate Dead      |       |     4 ||     4
  Use: Scroll            |       |     5 ||     5
 Stab: Sleeping          |     1 |     1 ||     2
       Distracted        |     1 |       ||     1
Armor: Robe              |     7 |     5 ||    12
Dodge: Dodged            |    13 |    22 ||    35

Table legend: (Time is in decaauts)
 A = Elapsed time spent in this place.
 B = Non-inter-level travel time spent in this place.
 C = Inter-level travel time spent in this place.
 D = Time resting spent in this place.
 E = Time spent auto-exploring this place.
 F = Levels seen in this place.
 G = Mean time per level.
                   A        B        C        D        E       F      G
               +--------+--------+--------+--------+--------+-----+--------+
         Total |   3536 |   3436 |    100 |    530 |   2527 |   4 |  884.0 |
       Dungeon |   3536 |   3436 |    100 |    530 |   2527 |   4 |  884.0 |
               +--------+--------+--------+--------+--------+-----+--------+

Top non-repeatable levels by time:
     D:2: 1406 daAuts
     D:3: 1314 daAuts
     D:1: 806 daAuts
     D:4: 9 daAuts
